[Event "Titled Tuesday Blitz May 03 Early 2022"]
[White "Harish, Neeraj"]
[Black "Redor, Menandro"]
[WhiteFideId "30958130"]
[BlackFideId "5222010"]
[WhiteElo "1574"]
[BlackElo "1986"]
[Result "1-0"]
[Round "06"]
[TimeControl "180+1"]
[Date "2022.05.03"]
[WhiteClock "0:01:03"]
[BlackClock "0:01:14"]

1. c4 e5 2. Nc3 g6 3. d4 Bg7 4. Nf3 exd4 5. Nxd4 Ne7 6. Bg5 O-O 7. Qd2 Nbc6 8. e3 Nxd4 9. exd4 Re8 10. O-O-O d6 11. Nd5 Bf8 12. h4 Kg7 13. h5 Bf5 14. hxg6 Bxg6 15. Bd3 h5 16. g4 c6 17. Nf6 Bxd3 18. Qxd3 Qa5 19. Qh7# 1-0


[Site "https://www.chess.com"]

[Event "Titled Tuesday Blitz May 03 Early 2022"]
[White "Hirneise, Jens"]
[Black "Kozak, Antoni"]
[WhiteFideId "24614734"]
[BlackFideId "21832030"]
[WhiteElo "2359"]
[BlackElo "2236"]
[Result "1-0"]
[Round "06"]
[TimeControl "180+1"]
[Date "2022.05.03"]
[WhiteClock "0:00:18"]
[BlackClock "0:00:23"]

1. e4 c6 2. Nf3 d5 3. d3 Bg4 4. Nbd2 e6 5. Be2 Nf6 6. O-O Be7 7. b3 O-O 8. Bb2 c5 9. Ne5 Bxe2 10. Qxe2 Nbd7 11. Nxd7 Nxd7 12. e5 b5 13. f4 c4 14. dxc4 bxc4 15. Kh1 cxb3 16. axb3 Qc7 17. Nf3 Rfc8 18. Nd4 Bc5 19. Nb5 Qb6 20. f5 a6 21. Nc3 exf5 22. Nxd5 Qe6 23. Nf4 Qe8 24. e6 Nf8 25. exf7+ Qxf7 26. Rxa6 Rxa6 27. Qxa6 Rd8 28. Qa5 Be7 29. Re1 Bg5 30. Nd3 h6 31. Rf1 Rd5 32. Qa8 Be3 33. Ne5 Qe6 34. Nc4 f4 35. Nxe3 fxe3 36. Qxf8+ 1-0


[Site "https://www.chess.com"]

[Event "Titled Tuesday Blitz May 03 Early 2022"]
[White "Hoffmann, Asa"]
[Black "Van den Dikkenberg, Erik"]
[WhiteFideId "2001470"]
[BlackFideId "1005880"]
[WhiteElo "2117"]
[BlackElo "2118"]
[Result "1-0"]
[Round "06"]
[TimeControl "180+1"]
[Date "2022.05.03"]
[WhiteClock "0:00:38"]
[BlackClock "0:00:12"]

1. d4 Nf6 2. Bg5 Ne4 3. Bf4 d5 4. f3 Nf6 5. e4 c6 6. e5 Nfd7 7. Be3 Nb6 8. f4 Bf5 9. Nf3 h5 10. h3 e6 11. Bd3 Bxd3 12. Qxd3 h4 13. Nbd2 N8d7 14. f5 Nc4 15. fxe6 Nxe3 16. exf7+ Kxf7 17. Qxe3 Nb6 18. O-O Kg8 19. Ng5 Rh5 20. Rf5 g6 21. Ne6 Qe7 22. Rxh5 gxh5 23. Nxf8 Rxf8 24. Rf1 Rxf1+ 25. Kxf1 Qb4 26. b3 Qa3 27. e6 Nc8 28. Nf3 Qe7 29. Qh6 Nd6 30. Ne5 Ne4 31. Qg6+ Kh8 32. Qxe4 Qf6+ 33. Qf3 Qxe6 34. Qxh5+ Kg7 35. Qxh4 Qf5+ 36. Qf2 Qe4 37. Kg1 c5 38. Qf7+ Kh6 39. Qg6+ Qxg6 40. Nxg6 Kxg6 41. dxc5 Kf5 42. Kf2 Ke4 43. h4 Kf4 44. c3 Kg4 45. g3 1-0


[Site "https://www.chess.com"]

[Event "Titled Tuesday Blitz May 03 Early 2022"]
[White "Hovhannisyan, Robert"]
[Black "Bluebaum, Matthias"]
[WhiteFideId "13302507"]
[BlackFideId "24651516"]
[WhiteElo "2570"]
[BlackElo "2550"]
[Result "0-1"]
[Round "06"]
[TimeControl "180+1"]
[Date "2022.05.03"]
[WhiteClock "0:00:08"]
[BlackClock "0:00:19"]

1. e4 c6 2. d4 d5 3. e5 Bf5 4. Nf3 e6 5. Be2 c5 6. Be3 Nd7 7. O-O Ne7 8. c4 dxc4 9. Na3 c3 10. bxc3 Nd5 11. Qb3 Be7 12. Bd2 cxd4 13. cxd4 O-O 14. Nc4 b6 15. Ne3 Be4 16. Bd3 Bxf3 17. gxf3 Nf4 18. Be4 Rc8 19. Kh1 Nxe5 20. dxe5 Qxd2 21. Rad1 Qa5 22. Nc4 Qc5 23. Nd6 Bxd6 24. exd6 Rfd8 25. Qe3 Nd5 26. Bxd5 exd5 27. Qxc5 Rxc5 28. Rfe1 Kf8 29. Re7 Rxd6 30. Rxa7 g6 31. Rd2 Rc3 32. Kg2 d4 33. Ra4 d3 34. Rb4 Rc2 35. Rxc2 dxc2 36. Rc4 Rd2 37. f4 Ke7 38. Kf3 b5 39. Rc7+ Kd6 40. Rc8 c1=Q 41. Rxc1 Rxa2 42. Rc8 Ra7 43. Rb8 Kc5 44. Kg4 f5+ 45. Kg5 b4 46. h4 Kc4 47. h5 Ra6 48. h6 b3 49. Rb7 Ra1 50. Rxh7 b2 51. Rc7+ Kd5 52. Rb7 b1=Q 53. Rxb1 Rxb1 54. Kxg6 Ke6 55. h7 Rg1+ 56. Kh6 Kf7 57. f3 Rh1+ 58. Kg5 Rxh7 59. Kxf5 Rh5+ 60. Kg4 Ra5 61. f5 Kf6 62. f4 Rxf5 63. Kh4 Ra5 0-1


[Site "https://www.chess.com"]

[Event "Titled Tuesday Blitz May 03 Early 2022"]
[White "Ismayil, Malak"]
[Black "Richter, Nils"]
[WhiteFideId "13412604"]
[BlackFideId "12990809"]
[WhiteElo "1879"]
[BlackElo "2243"]
[Result "0-1"]
[Round "06"]
[TimeControl "180+1"]
[Date "2022.05.03"]
[WhiteClock "0:00:07"]
[BlackClock "0:00:17"]

1. e4 e6 2. d4 d5 3. Nd2 c5 4. exd5 Qxd5 5. Ngf3 cxd4 6. Bc4 Qd6 7. O-O Nf6 8. Nb3 Nc6 9. Nbxd4 Nxd4 10. Nxd4 Be7 11. c3 O-O 12. Qf3 Qc7 13. Bb3 a5 14. h3 a4 15. Bc2 Ra5 16. a3 b6 17. Qc6 Qa7 18. Qc4 Ba6 19. Qa2 Bxf1 20. Kxf1 Qa6+ 21. Kg1 Bc5 22. Be3 e5 23. Nc6 Bxe3 24. Nxa5 Bxf2+ 25. Kxf2 Qxa5 26. Qc4 b5 27. Qc5 Nd7 28. Qd5 Qa7+ 29. Kf1 Nf6 30. Qxb5 Rb8 31. Qd3 e4 32. Qd2 h5 33. Bd1 e3 34. Qc2 Qb7 35. Rb1 Ne4 36. Bf3 Ng3+ 37. Kg1 Qb6 38. Kh2 Qd6 39. Kg1 Qc5 40. Re1 e2+ 41. Kh2 Nf1+ 42. Kh1 Qf2 43. Rxe2 Ng3+ 44. Kh2 Nxe2 45. Bxe2 Re8 46. Bd3 Qxc2 47. Bxc2 Re2 48. Bxa4 Rxb2 49. c4 Ra2 50. Bb5 Rxa3 51. h4 Rc3 52. Kg1 f6 53. Kf2 Kf7 54. Bc6 Ke6 55. Bd5+ Ke5 56. Ke2 Ra3 57. Kf2 Ra1 58. Ke3 Re1+ 59. Kf2 Rc1 60. Ke3 Rc2 61. Kf3 Kd4 62. Kf4 Rf2+ 63. Kg3 Rf1 64. Kh2 Rc1 65. Kg3 Ke3 66. Kh2 Kf4 67. Bf7 Kg4 68. Be6+ Kxh4 69. g3+ Kg5 70. Kg2 h4 71. gxh4+ Kxh4 72. Kf3 Kg5 73. Ke4 f5+ 74. Kd5 f4 75. c5 f3 76. c6 f2 77. Bh3 f1=Q 78. Bxf1 Rxf1 79. c7 Rc1 80. Kd6 Kf6 81. Kd7 Rxc7+ 82. Kxc7 g5 83. Kd6 g4 84. Kd5 g3 0-1


[Site "https://www.chess.com"]

[Event "Titled Tuesday Blitz May 03 Early 2022"]
[White "Jakubiec, Artur"]
[Black "Begunov, Konstantin"]
[WhiteFideId "1103261"]
[BlackFideId "4118510"]
[WhiteElo "2473"]
[BlackElo "2262"]
[Result "1-0"]
[Round "06"]
[TimeControl "180+1"]
[Date "2022.05.03"]
[WhiteClock "0:01:27"]
[BlackClock "0:00:10"]

1. f4 d5 2. Nf3 g6 3. g3 Bg7 4. Bg2 Nf6 5. O-O O-O 6. d3 Bg4 7. h3 Bxf3 8. Bxf3 c6 9. e4 Qb6+ 10. Kg2 dxe4 11. dxe4 Rd8 12. Qe2 Nbd7 13. e5 Nd5 14. e6 Nf8 15. exf7+ Kxf7 16. c4 Nf6 17. Nc3 Rd7 18. Be3 Qc7 19. g4 Rad8 20. g5 Ne8 21. f5 Kg8 22. Be4 Bxc3 23. bxc3 Qe5 24. Bd4 Rxd4 25. cxd4 Rxd4 26. Rae1 Qc5 27. Bb1 gxf5 28. Rxf5 Qb4 29. Qf2 Rd2 30. Rxf8+ Kg7 31. Rf7+ Kg8 32. Bxh7+ Kh8 33. Re2 1-0


[Site "https://www.chess.com"]

[Event "Titled Tuesday Blitz May 03 Early 2022"]
[White "Jakubowski, Krzysztof"]
[Black "Bach, Ngoc Thuy Duong"]
[WhiteFideId "1112848"]
[BlackFideId "12408956"]
[WhiteElo "2365"]
[BlackElo "1862"]
[Result "1-0"]
[Round "06"]
[TimeControl "180+1"]
[Date "2022.05.03"]
[WhiteClock "0:00:24"]
[BlackClock "0:00:10"]

1. e4 c5 2. Nf3 d6 3. d4 cxd4 4. Nxd4 Nf6 5. Nc3 a6 6. Be2 e5 7. Nb3 Be7 8. O-O O-O 9. Kh1 Qc7 10. a4 Be6 11. g4 d5 12. Nxd5 Bxd5 13. exd5 Rd8 14. c4 Nbd7 15. f4 Bd6 16. g5 Ne4 17. f5 f6 18. g6 h6 19. a5 Ndc5 20. Be3 Rac8 21. Kg2 Qe7 22. Nc1 Nd7 23. Qc2 Ng5 24. h4 e4 25. hxg5 hxg5 26. Bd4 Bb8 27. Qc3 Qd6 28. Qh3 1-0


[Site "https://www.chess.com"]

[Event "Titled Tuesday Blitz May 03 Early 2022"]
[White "Janaszak, Dawid"]
[Black "Zhao, Jun"]
[WhiteFideId "1119206"]
[BlackFideId "8602522"]
[WhiteElo "2199"]
[BlackElo "2547"]
[Result "1-0"]
[Round "06"]
[TimeControl "180+1"]
[Date "2022.05.03"]
[WhiteClock "0:01:05"]
[BlackClock "0:01:14"]

1. e4 d5 2. exd5 Qxd5 3. Nf3 Nf6 4. Nc3 Qd6 5. Nb5 Qd8 6. d4 c6 7. Na3 Bf5 8. Nc4 e6 9. Bf4 Be7 10. h3 O-O 11. Be2 Nbd7 12. O-O Nb6 13. c3 Nxc4 14. Bxc4 Nd5 15. Bh2 Qb6 16. Qb3 Rfd8 17. Rfe1 Bd6 18. Bxd6 Rxd6 19. Ne5 Rad8 20. Bf1 Qxb3 21. axb3 a6 22. b4 h6 23. Nc4 R6d7 24. Ne5 Rc7 25. Bd3 Bxd3 26. Nxd3 Kf8 27. Nc5 Rd6 28. g3 Nf6 29. Kg2 Nd7 30. h4 Nxc5 31. bxc5 Rd5 32. f4 Rcd7 33. Kf3 h5 34. Re5 g6 35. Rae1 Ke7 36. R1e2 Kd8 37. Re1 Kc7 38. g4 hxg4+ 39. Kxg4 Rd8 40. Rh1 Kd7 41. Rh2 Ke7 42. Rhe2 Kf6 43. Rg5 Rh8 44. Rxd5 exd5 45. b4 Rd8 46. Re1 Rh8 47. Re2 Rd8 48. Re1 Ra8 49. Ra1 Re8 50. Kf3 Kf5 51. Rg1 Re1 52. Rxe1 1-0


[Site "https://www.chess.com"]

[Event "Titled Tuesday Blitz May 03 Early 2022"]
[White "Jaracz, Pawel"]
[Black "Iljin, Timofey"]
[WhiteFideId "1102222"]
[BlackFideId "14110180"]
[WhiteElo "2429"]
[BlackElo "2396"]
[Result "0-1"]
[Round "06"]
[TimeControl "180+1"]
[Date "2022.05.03"]
[WhiteClock "0:00:02"]
[BlackClock "0:00:03"]

1. d4 d5 2. c4 e6 3. Nf3 Nf6 4. Nc3 Bb4 5. Qa4+ Nc6 6. e3 O-O 7. Qc2 b6 8. cxd5 exd5 9. Bd3 Bd6 10. a3 a6 11. O-O Bb7 12. b4 a5 13. b5 Ne7 14. a4 Ng6 15. Ba3 Bxa3 16. Rxa3 Re8 17. Rc1 Qd6 18. Nb1 Ne4 19. Qb2 Rac8 20. Nbd2 f5 21. g3 Rf8 22. Ne5 Nxe5 23. dxe5 Qg6 24. f3 Nc5 25. Bb1 Qe6 26. Ba2 Kh8 27. Qd4 Rfe8 28. f4 Qe7 29. Qb2 Ne6 30. Nf3 d4 31. exd4 Qb4 32. Qxb4 axb4 33. Bxe6 bxa3 34. Bxc8 Rxc8 35. Nd2 Bd5 36. Nf1 Ra8 37. Ne3 Bb3 38. d5 a2 39. Kf2 Rxa4 40. Rxc7 Kg8 41. d6 a1=Q 42. Kf3 Bd5+ 43. Nxd5 Qh1+ 44. Ke3 Qxd5 45. Rc8+ Kf7 46. Rc3 Rb4 47. Kf2 Re4 48. Rc7+ Ke8 49. Rc2 Qd4+ 50. Kg2 Qd5 51. Kh3 Rc4 52. Ra2 Rc8 53. Ra7 Qe6 54. Rxg7 Qh6+ 0-1


[Site "https://www.chess.com"]

[Event "Titled Tuesday Blitz May 03 Early 2022"]
[White "Jaskolka, Tomasz"]
[Black "Korchmar, Vasiliy"]
[WhiteFideId "1170791"]
[BlackFideId "24131750"]
[WhiteElo "2073"]
[BlackElo "2370"]
[Result "1/2-1/2"]
[Round "06"]
[TimeControl "180+1"]
[Date "2022.05.03"]
[WhiteClock "0:00:07"]
[BlackClock "0:00:02"]

1. d4 d5 2. Bf4 Nf6 3. e3 c5 4. c3 Nc6 5. Nd2 Bf5 6. Ngf3 Qb6 7. Qb3 c4 8. Qxb6 axb6 9. Be2 b5 10. O-O b4 11. Ne5 e6 12. f3 h6 13. e4 Bh7 14. Bg3 Nh5 15. exd5 Nxg3 16. hxg3 Nxe5 17. dxe6 bxc3 18. bxc3 Nd3 19. exf7+ Kxf7 20. Nxc4 Re8 21. Bd1 b5 22. Nb6 b4 23. Bb3+ Kf6 24. Nd5+ Kg5 25. cxb4 Nxb4 26. f4+ Kf5 27. Nc3 Kf6 28. a3 Bc2 29. axb4 Bxb3 30. Ra6+ Kf7 31. b5 Bb4 32. Na2 Bxa2 33. Rxa2 Bc3 34. Rd1 Rb8 35. Ra7+ Kf6 36. Rc7 Rhc8 37. Rxc8 Rxc8 38. d5 Ke7 39. Kf2 Kd6 40. Kf3 Rb8 41. Rc1 Bf6 42. Rb1 Kxd5 43. g4 Kc5 44. g5 hxg5 45. fxg5 Bxg5 46. Re1 Bf6 47. g4 Rxb5 48. Kf4 Rb4+ 49. Kf5 Rb2 50. g5 Rf2+ 51. Kg6 Rg2 52. Rc1+ Kd5 53. Rd1+ Ke4 54. Re1+ Kd3 55. Rd1+ Ke2 56. Rd5 Bb2 57. Kf7 Kf3 58. g6 Kf4 59. Rb5 Ke4 60. Rb4+ Kd5 61. Rb5+ Kc6 62. Rxb2 Rxb2 63. Kxg7 Kd6 64. Kf7 Rf2+ 65. Ke8 Rg2 66. Kf7 Rf2+ 67. Ke8 Ke6 68. g7 Rg2 69. Kf8 Rf2+ 70. Ke8 Rg2 71. Kf8 Rf2+ 72. Ke8 1/2-1/2


[Site "https://www.chess.com"]

[Event "Titled Tuesday Blitz May 03 Early 2022"]
[White "Jian, Alex"]
[Black "Vusatiuk, Vladimir"]
[WhiteFideId "30901022"]
[BlackFideId "14118610"]
[WhiteElo "2111"]
[BlackElo "2157"]
[Result "0-1"]
[Round "06"]
[TimeControl "180+1"]
[Date "2022.05.03"]
[WhiteClock "0:00:01"]
[BlackClock "0:00:01"]

1. d4 Nf6 2. c4 e6 3. Nc3 Bb4 4. Qc2 O-O 5. a3 Bxc3+ 6. Qxc3 b6 7. Bg5 Bb7 8. f3 d5 9. e3 Nbd7 10. cxd5 exd5 11. Bd3 Re8 12. Ne2 h6 13. Bh4 Rxe3 14. Bxf6 Nxf6 15. Bh7+ Kxh7 16. Qxe3 Qd6 17. O-O Re8 18. Qd2 c5 19. Rfe1 c4 20. Ng3 Rxe1+ 21. Rxe1 Bc8 22. Re5 g6 23. Qb4 Qxb4 24. axb4 Be6 25. Ne2 Nd7 26. Re3 g5 27. Ra3 a5 28. bxa5 bxa5 29. Rxa5 Kg6 30. Nc3 Nf6 31. Kf2 h5 32. Ke3 Kf5 33. Ne4 Ne8 34. Nc5 Nd6 35. Nxe6 fxe6 36. Ra6 Ne8 37. h3 h4 38. Ra8 Nc7 39. Rf8+ Kg6 40. Rc8 Nb5 41. Rc6 Kf5 42. Rb6 Nc7 43. Rb7 Ne8 44. Rb8 Nd6 45. Rf8+ Kg6 46. f4 Nf5+ 47. Kf2 gxf4 48. Kf3 Nxd4+ 49. Kxf4 Nc6 50. Kg4 d4 51. Kxh4 d3 52. Rf2 Nd4 53. Kg4 Ne2 54. Rf1 e5 55. Kf3 Kf5 56. g4+ Kg5 57. Ke3 Kh4 58. Rf5 Nc1 0-1


[Site "https://www.chess.com"]

[Event "Titled Tuesday Blitz May 03 Early 2022"]
[White "Jobava, Baadur"]
[Black "Plotnikov, Pavel"]
[WhiteFideId "13601520"]
[BlackFideId "4170342"]
[WhiteElo "2617"]
[BlackElo "2298"]
[Result "0-1"]
[Round "06"]
[TimeControl "180+1"]
[Date "2022.05.03"]
[WhiteClock "0:00:43"]
[BlackClock "0:00:11"]

1. e4 e5 2. Nf3 Nc6 3. d4 exd4 4. Nxd4 Bc5 5. Nxc6 Qf6 6. Qf3 bxc6 7. Nc3 d6 8. Be3 Qxf3 9. gxf3 Bxe3 10. fxe3 Nf6 11. Rg1 g6 12. O-O-O Be6 13. Ne2 c5 14. Nf4 Ke7 15. h4 h5 16. Bh3 Bxh3 17. Nxh3 Nd7 18. Nf4 c6 19. Nd3 Rab8 20. f4 Rhe8 21. c4 Kf6 22. Nf2 Re6 23. Rd3 Ke7 24. Ra3 Rb7 25. Kc2 Nf6 26. Kd3 Rxb2 27. Rxa7+ Kf8 28. Rf1 d5 29. e5 dxc4+ 30. Kxc4 Nd5 31. Nd1 Rb1 32. Kxc5 Nc3 33. Nxc3 Rxf1 34. Ne4 Rc1+ 35. Kd4 Rh1 36. Ng5 Re7 37. Nh7+ Ke8 38. Nf6+ Kd8 39. Ra8+ Kc7 40. a4 Rxh4 41. Ra7+ Kd8 42. Ra6 Kc7 43. Kc5 Rh1 44. Rxc6+ Kb7 45. Rb6+ Ka7 46. a5 Rc1+ 47. Kd6 Re6+ 48. Kd7 Rxb6 49. axb6+ Kxb6 50. Ke7 h4 51. Kxf7 h3 52. e6 h2 53. e7 Rc8 54. e8=Q Rxe8 55. Nxe8 h1=Q 56. Nf6 Qf3 57. e4 Kc6 58. e5 Qxf4 59. e6 Qc4 60. Ne8 g5 61. Ng7 g4 62. Kf6 g3 63. e7 Qf4+ 64. Nf5 Kd7 0-1


[Site "https://www.chess.com"]

[Event "Titled Tuesday Blitz May 03 Early 2022"]
[White "Jumabayev, Rinat"]
[Black "Samadov, Read"]
[WhiteFideId "13702661"]
[BlackFideId "13417444"]
[WhiteElo "2561"]
[BlackElo "2084"]
[Result "1-0"]
[Round "06"]
[TimeControl "180+1"]
[Date "2022.05.03"]
[WhiteClock "0:00:07"]
[BlackClock "0:00:03"]

1. d4 Nf6 2. c4 e6 3. Nf3 d5 4. g3 Bb4+ 5. Bd2 Be7 6. Bg2 O-O 7. O-O c6 8. Qc2 b6 9. Rd1 Nbd7 10. b3 Ba6 11. Bf4 Rc8 12. Nc3 dxc4 13. Ne5 Nxe5 14. dxe5 Nd7 15. Ne4 b5 16. bxc4 bxc4 17. Rd2 Qc7 18. Nf6+ Bxf6 19. exf6 e5 20. fxg7 Rfe8 21. Bg5 Nc5 22. Rad1 Ne6 23. Bf6 Nd4 24. Qe4 c3 25. Qh4 Nf5 26. Qg5 Ne7 27. Be4 Ng6 28. Rc2 Qa5 29. Rdc1 Qa4 30. Bf5 Rb8 31. h4 Rb2 32. Rxc3 Rxe2 33. h5 Qd4 34. Re3 Rxe3 35. Qxe3 Ne7 36. Bb1 Qxe3 37. fxe3 Nd5 38. Rxc6 Bb7 39. Rd6 Nxf6 40. Rxf6 Kxg7 41. Rd6 Re7 42. h6+ Kf8 43. Bxh7 f6 44. Bf5 Kf7 45. h7 Kg7 46. Rd8 1-0


[Site "https://www.chess.com"]

[Event "Titled Tuesday Blitz May 03 Early 2022"]
[White "Kadam, Om Manish"]
[Black "Aldokhin, Ivan"]
[WhiteFideId "45076294"]
[BlackFideId "24115720"]
[WhiteElo "1729"]
[BlackElo "2231"]
[Result "0-1"]
[Round "06"]
[TimeControl "180+1"]
[Date "2022.05.03"]
[WhiteClock "0:00:10"]
[BlackClock "0:00:09"]

1. Nf3 Nf6 2. g3 g6 3. Bg2 Bg7 4. O-O O-O 5. d4 d6 6. c4 Nbd7 7. Nc3 e5 8. dxe5 dxe5 9. Qc2 Re8 10. Rd1 c6 11. Ng5 Qc7 12. Nge4 Nxe4 13. Nxe4 Nf6 14. Nd6 Rd8 15. c5 Be6 16. Bg5 h6 17. Bxf6 Bxf6 18. Rd2 Rd7 19. Rad1 Rad8 20. b4 Be7 21. Ne4 f5 22. Nc3 e4 23. e3 Bf6 24. Ne2 Rxd2 25. Rxd2 Rxd2 26. Qxd2 Qe5 27. Nd4 Qd5 28. a3 Bxd4 29. Qxd4 Qxd4 30. exd4 Bc4 31. f3 e3 32. f4 Kf7 33. Bf3 Ke6 34. h4 Kf6 35. Kg2 g5 36. hxg5+ hxg5 37. Kg1 g4 38. Bg2 Ke6 39. a4 a6 40. a5 Bd3 41. Bh1 Be2 42. Bg2 Bf3 43. Bxf3 gxf3 44. Kf1 Kd5 45. Ke1 Kxd4 46. Kf1 Ke4 47. Ke1 Kd4 48. Kf1 Kc4 49. Ke1 Kxb4 50. Kf1 Kxc5 51. Ke1 Kd4 52. Kf1 c5 53. g4 fxg4 54. f5 Ke5 55. f6 Kxf6 56. Ke1 Ke5 57. Kd1 g3 58. Kc2 Kd4 59. Kd1 g2 60. Kc2 c4 0-1


[Site "https://www.chess.com"]

[Event "Titled Tuesday Blitz May 03 Early 2022"]
[White "Kamsky, Gata"]
[Black "Prraneeth Vuppala"]
[WhiteFideId "2000024"]
[BlackFideId "46622373"]
[WhiteElo "2645"]
[BlackElo "1958"]
[Result "1-0"]
[Round "06"]
[TimeControl "180+1"]
[Date "2022.05.03"]
[WhiteClock "0:00:29"]
[BlackClock "0:00:01"]

1. d4 Nf6 2. Nf3 d5 3. Bf4 c5 4. e3 Nc6 5. Nbd2 Qb6 6. dxc5 Qxb2 7. Rb1 Qc3 8. Bb5 g6 9. Be5 Qa5 10. O-O Bd7 11. Bxf6 exf6 12. c4 a6 13. Ba4 Qxc5 14. Rxb7 Rd8 15. cxd5 Qxd5 16. Nb3 Qxd1 17. Rxd1 Ne5 18. Rdxd7 Nxd7 19. Nfd4 Be7 20. g3 O-O 21. Bxd7 Rb8 22. Rc7 1-0


[Site "https://www.chess.com"]

[Event "Titled Tuesday Blitz May 03 Early 2022"]
[White "Kanyamarala, Trisha"]
[Black "Terzi, Alexei"]
[WhiteFideId "45004722"]
[BlackFideId "13505076"]
[WhiteElo "2079"]
[BlackElo "2031"]
[Result "0-1"]
[Round "06"]
[TimeControl "180+1"]
[Date "2022.05.03"]
[WhiteClock "0:00:28"]
[BlackClock "0:00:13"]

1. d4 Nf6 2. Nf3 g6 3. e3 Bg7 4. Be2 O-O 5. O-O b6 6. b3 Bb7 7. Bb2 c5 8. Nbd2 d6 9. c4 Ne4 10. Qc2 Nxd2 11. Qxd2 Nd7 12. Rfd1 Qc7 13. Rac1 Nf6 14. dxc5 dxc5 15. Be5 Qc6 16. Qb2 Rad8 17. Ne1 Qe6 18. Bf3 Bxf3 19. Nxf3 Rd7 20. Ng5 Qf5 21. Rxd7 Qxd7 22. Ne4 Rd8 23. Rf1 Nxe4 24. Bxg7 f6 25. Bh6 e5 26. f3 Nd2 27. Re1 Qd3 28. e4 g5 29. h4 gxh4 30. Be3 h3 31. Kf2 hxg2 32. Rd1 Nxe4+ 33. fxe4 Qxd1 34. Kxg2 Qg4+ 35. Kf2 Rd1 36. Qa3 Qg1+ 37. Ke2 Qf1# 0-1


[Site "https://www.chess.com"]

[Event "Titled Tuesday Blitz May 03 Early 2022"]
[White "Karavade, Eesha"]
[Black "Dilmukhametov, Artur"]
[WhiteFideId "5012600"]
[BlackFideId "24179922"]
[WhiteElo "2258"]
[BlackElo "2244"]
[Result "1-0"]
[Round "06"]
[TimeControl "180+1"]
[Date "2022.05.03"]
[WhiteClock "0:01:32"]
[BlackClock "0:00:33"]

1. d4 Nf6 2. Nf3 g6 3. c4 Bg7 4. Nc3 O-O 5. e4 d6 6. Be2 Na6 7. O-O c5 8. d5 Nc7 9. h3 Bd7 10. Bf4 a6 11. a4 Rb8 12. a5 b5 13. axb6 Rxb6 14. Ra2 Qb8 15. Qc2 Re8 16. e5 dxe5 17. Nxe5 Bf5 18. Qd2 Nd7 19. Nc6 Qc8 20. g4 Bxc3 21. Qxc3 Be4 22. f3 Bxd5 23. Bxc7 Rxc6 24. cxd5 Rxc7 25. Bxa6 Qb8 26. Re1 Qb6 27. Kg2 e6 28. dxe6 Rxe6 29. Rxe6 Qxe6 30. Bc4 Qe2+ 31. Bxe2 1-0


[Site "https://www.chess.com"]

[Event "Titled Tuesday Blitz May 03 Early 2022"]
[White "Karolczuk, Iwo"]
[Black "Laohawirapap, Prin"]
[WhiteFideId "21816972"]
[BlackFideId "6205003"]
[WhiteElo "2277"]
[BlackElo "1832"]
[Result "0-1"]
[Round "06"]
[TimeControl "180+1"]
[Date "2022.05.03"]
[WhiteClock "0:00:03"]
[BlackClock "0:00:03"]

1. d4 Nf6 2. c4 g6 3. Nc3 Bg7 4. g3 O-O 5. Bg2 d6 6. Nf3 Nc6 7. O-O e5 8. dxe5 dxe5 9. Qa4 Bd7 10. Qb3 Qc8 11. Nd5 e4 12. Ng5 Nxd5 13. cxd5 Nd4 14. Qd1 f5 15. Be3 Nb5 16. Qb3 Nd6 17. Rac1 Re8 18. Rfd1 h6 19. Ne6 Rxe6 20. dxe6 Bxe6 21. Qc2 Nc4 22. Bd4 Bxd4 23. Rxd4 Nd6 24. a4 Ne8 25. f3 exf3 26. Bxf3 c6 27. e4 f4 28. gxf4 Qc7 29. e5 Bf5 30. Be4 Ng7 31. Rd6 Qb6+ 32. Kh1 Kh7 33. Rg1 Qe3 34. Bxf5 Nxf5 35. Qg2 Nh4 36. Qf1 Qe4+ 37. Rg2 Rf8 38. Rd7+ Kh8 39. Kg1 Rxf4 40. Rd8+ Kh7 41. Rd7+ Kg8 42. Rd8+ Kg7 43. Rd7+ Kg8 44. Rd8+ Kf7 45. Rd7+ Ke6 46. Rd6+ Kxe5 47. Qd1 Qxg2# 0-1


[Site "https://www.chess.com"]

[Event "Titled Tuesday Blitz May 03 Early 2022"]
[White "Kazakouski, Valery"]
[Black "Deac, Bogdan-Daniel"]
[WhiteFideId "13507443"]
[BlackFideId "1226380"]
[WhiteElo "2524"]
[BlackElo "2648"]
[Result "0-1"]
[Round "06"]
[TimeControl "180+1"]
[Date "2022.05.03"]
[WhiteClock "0:00:05"]
[BlackClock "0:00:07"]

1. d4 Nf6 2. c4 e6 3. Nc3 Bb4 4. f3 d5 5. a3 Be7 6. e4 dxc4 7. Bxc4 c5 8. d5 exd5 9. Nxd5 Nxd5 10. Bxd5 Nd7 11. Ne2 Nb6 12. Nc3 Bf6 13. Ba2 Bxc3+ 14. bxc3 Qh4+ 15. Ke2 Qf6 16. Be3 Be6 17. Bxc5 Rd8 18. Bd4 Qg5 19. Bxe6 fxe6 20. Kf2 e5 21. Be3 Qh4+ 22. g3 Qf6 23. Qe2 O-O 24. Rhd1 Rc8 25. Rac1 Nc4 26. a4 b6 27. Kg2 Qc6 28. Ra1 Nxe3+ 29. Qxe3 Qxc3 30. Qxc3 Rxc3 31. Rac1 Rcxf3 32. Rd7 Rf2+ 33. Kh3 R2f7 34. Rcc7 Rxd7 35. Rxd7 a5 36. Re7 Rf3 37. Rxe5 Ra3 38. Rb5 Rxa4 39. Rxb6 Rxe4 40. Ra6 a4 41. Ra7 h5 42. Kg2 Rb4 43. Kf3 g6 44. h4 Rg4 45. Kf2 Kf8 46. Kf3 Ke8 47. Kf2 Kd8 48. Kf3 Kc8 49. Kf2 Kb8 50. Ra5 Kb7 51. Kf3 Kb6 52. Ra8 Kb5 53. Rb8+ Kc4 54. Rc8+ Kb3 55. Re8 a3 56. Re3+ Ka4 57. Re2 Rc4 58. Ke3 Kb3 59. Kd3 Rc3+ 60. Kd4 Rxg3 0-1


[Site "https://www.chess.com"]

[Event "Titled Tuesday Blitz May 03 Early 2022"]
[White "Keller, Peter"]
[Black "Balabayeva, Xeniya"]
[WhiteFideId "1272105"]
[BlackFideId "13719688"]
[WhiteElo "2275"]
[BlackElo "1941"]
[Result "1-0"]
[Round "06"]
[TimeControl "180+1"]
[Date "2022.05.03"]
[WhiteClock "0:00:08"]
[BlackClock "0:00:09"]

1. e4 c6 2. d4 d5 3. exd5 cxd5 4. Bd3 Nc6 5. c3 Nf6 6. Bf4 g6 7. Nf3 Bf5 8. Bxf5 gxf5 9. Qb3 Qd7 10. Ne5 Nxe5 11. Bxe5 Bg7 12. Nd2 O-O 13. Nf3 e6 14. O-O Rac8 15. Rae1 Ne4 16. Bf4 Rfe8 17. Ne5 Qe7 18. Re2 Nd6 19. Nd3 Nc4 20. h3 b6 21. f3 Qb7 22. g4 Qd7 23. Rfe1 fxg4 24. hxg4 a5 25. Kg2 f6 26. Qd1 Re7 27. b3 Na3 28. Qc1 Nb5 29. Rc2 Qc6 30. Ree2 Nd6 31. Bxd6 Qxd6 32. Qf4 Qxf4 33. Nxf4 Kf7 34. c4 dxc4 35. bxc4 Bh6 36. Kg3 Bxf4+ 37. Kxf4 Rec7 38. Rb2 Rxc4 39. Rxb6 Rxd4+ 40. Re4 e5+ 41. Ke3 1-0


[Site "https://www.chess.com"]

[Event "Titled Tuesday Blitz May 03 Early 2022"]
[White "Khamdamova, Afruza"]
[Black "Petre, Nad-Titus"]
[WhiteFideId "14210444"]
[BlackFideId "1204165"]
[WhiteElo "1660"]
[BlackElo "2354"]
[Result "1-0"]
[Round "06"]
[TimeControl "180+1"]
[Date "2022.05.03"]
[WhiteClock "0:00:16"]
[BlackClock "0:00:07"]

1. e4 c6 2. d4 d5 3. Nc3 dxe4 4. Nxe4 Nf6 5. Nxf6+ exf6 6. c3 Bd6 7. Bd3 O-O 8. Qc2 Re8+ 9. Ne2 h5 10. O-O h4 11. g3 h3 12. Nf4 Nd7 13. Bd2 Nf8 14. Rfe1 Be6 15. Bf1 Bxf4 16. Bxf4 Qd7 17. b3 Ng6 18. Be3 f5 19. f4 Bd5 20. Bxh3 Be4 21. Qd2 Rad8 22. Bg2 Bxg2 23. Qxg2 Qe7 24. Bd2 Qa3 25. Be3 Ne7 26. c4 Kf8 27. Rad1 Ng8 28. Bc1 Qa5 29. Qf2 Nf6 30. a4 Ne4 31. Ba3+ Kg8 32. Qc2 Qb6 33. c5 Qc7 34. Bb2 Qe7 35. b4 Qe6 36. b5 Qg6 37. Qg2 Qe6 38. Qc2 Qd7 39. Qb3 a6 40. b6 Qe7 41. Qc4 Rd5 42. Re3 g6 43. Rde1 Kg7 44. Qe2 Qf6 45. Qf3 Rh8 46. h4 Nd2 47. Qe2 Ne4 48. Kg2 Qd8 49. Qd3 f6 50. Rxe4 fxe4 51. Qxe4 Rf8 52. Qe6 Rf7 53. g4 Rdd7 54. g5 fxg5 55. d5+ Kh7 56. hxg5 Rde7 57. Rh1+ 1-0


[Site "https://www.chess.com"]